cohdb
Replays
Latest Replays
All Replays
Popular Replays
Top Player Replays
Match Explorer
How It Works
Community
CoH3 Stats
Reddit
Sign in to upload your games and track your stats! →
Sign in with Steam
Hard match [Airborne]
Match 23092721
Overview
Messages
Build Orders
End
Construct Section Command Post
Vickers Machine Gun Team
Selects Air and Sea Battlegroup
Infantry Section
Infantry Section
ML 3-inch Mortar Team
Selects Supply Surplus
Construct Field Infirmary
Construct Platoon Command Post
6-pounder Anti-tank Gun Team
Construct Company Command Post
Matilda II Heavy Tank
Selects Centaur Medium Tank
Selects Naval Bombardment
Naval Bombardment
Matilda II Heavy Tank
Construct Resource Cache
Construct Resource Cache
Matilda II Heavy Tank
Achilles Gaming @ YouTube
Husqvarna
age of empries is best
Mochi_flamer
Dickson
FrustrateHead รักลุงพลน้องไนซ์
I am BUG
Cherub
0
0
Comments
sign in to comment!
No comments posted yet!